[Event "Titled Tuesday Blitz May 16 Late 2023"]
[White "a-z30"]
[Black "Stead, Kerry"]
[BlackFideId "3202577"]
[WhiteElo "2365"]
[BlackElo "1997"]
[Result "0-1"]
[Round "03"]
[TimeControl "180+2"]
[Date "2023.05.16"]
[WhiteClock "0:00:02"]
[BlackClock "0:00:51"]

1. d4 c5 2. d5 f5 3. Nc3 g6 4. g3 d6 5. Bg2 Bg7 6. Nh3 Nd7 7. Nf4 Bxc3+ 8. bxc3 Ne5 9. h4 Nf6 10. h5 g5 11. Ne6 Bxe6 12. dxe6 Qc8 13. Bxg5 Qxe6 14. Bxb7 Rb8 15. Bxf6 Qxf6 16. Bd5 f4 17. Rb1 Kd7 18. gxf4 Qxf4 19. e3 Qf5 20. Rg1 Nd3+ 21. cxd3 Qxd5 22. Qg4+ Kc6 23. Rxb8 Rxb8 24. Qg2 Rb1+ 25. Ke2 Rb2+ 26. Kd1 Rb1+ 27. Kd2 Rxg1 28. Qxg1 Qxa2+ 29. Ke1 Qb1+ 30. Ke2 Qxg1 0-1


[Site "https://www.chess.com"]

[Event "Titled Tuesday Blitz May 16 Late 2023"]
[White "Kaganskiy, Gleb"]
[Black "Joubert, Dantelle"]
[WhiteFideId "4132025"]
[BlackFideId "14310813"]
[WhiteElo "2165"]
[BlackElo "1507"]
[Result "1-0"]
[Round "03"]
[TimeControl "180+2"]
[Date "2023.05.16"]
[WhiteClock "0:00:05"]
[BlackClock "0:00:00"]

1. Nf3 d5 2. e3 Nf6 3. b3 c6 4. Bb2 e6 5. d4 Nbd7 6. Bd3 Bd6 7. Ne5 Qa5+ 8. Nd2 Bb4 9. a3 Bxd2+ 10. Qxd2 Qxd2+ 11. Kxd2 Nxe5 12. dxe5 Nd7 13. h4 b6 14. h5 h6 15. Rh3 Nc5 16. Rg3 Nxd3 17. cxd3 O-O 18. b4 a5 19. Rh1 axb4 20. axb4 Bb7 21. Rh4 Kh7 22. Rhg4 Rg8 23. Bd4 Ra2+ 24. Kc3 c5 25. bxc5 bxc5 26. Bxc5 Rxf2 27. Be7 Ba6 28. Kd4 Ra2 29. e4 Ra4+ 30. Ke3 dxe4 31. dxe4 Ra3+ 32. Bxa3 Bb5 33. Bd6 Bc6 34. Kf4 Bb5 35. Be7 Bc6 36. Bf6 g6 37. hxg6+ fxg6 38. Rc3 g5+ 39. Kg3 Bxe4 40. Rxe4 h5 41. Rc7+ Kg6 42. Rd4 Kf5 43. Rdd7 Ra8 44. Ra7 Rb8 45. Rdb7 Rc8 46. Rc7 Rb8 47. Ra3 Rb1 48. Rf3+ Ke4 49. Bxg5 1-0


[Site "https://www.chess.com"]

[Event "Titled Tuesday Blitz May 16 Late 2023"]
[White "Manu_ChessExcelsior"]
[Black "Pavlidou, Ekaterini"]
[BlackFideId "4213262"]
[WhiteElo "2057"]
[BlackElo "2126"]
[Result "1/2-1/2"]
[Round "03"]
[TimeControl "180+2"]
[Date "2023.05.16"]
[WhiteClock "0:00:07"]
[BlackClock "0:00:17"]

1. e4 c5 2. g3 Nc6 3. Bg2 g6 4. d3 Bg7 5. f4 d6 6. Nf3 h5 7. c3 e5 8. Na3 h4 9. O-O hxg3 10. hxg3 Bg4 11. Nc4 b5 12. Ne3 Qd7 13. f5 Nf6 14. Nxg4 Nxg4 15. Nh4 Rxh4 16. gxh4 Nf6 17. fxg6 fxg6 18. Qf3 Ke7 19. Bg5 Rf8 20. Rf2 Nd8 21. Raf1 Ne6 22. Qg4 Nxg5 23. Qxd7+ Nxd7 24. hxg5 Rxf2 25. Rxf2 c4 26. dxc4 bxc4 27. Bh3 Nc5 28. Bf1 Nxe4 29. Rg2 d5 30. b3 cxb3 31. axb3 Nxc3 32. Rd2 e4 33. Bh3 e3 34. Rd3 d4 35. Kf1 Be5 36. Bg2 Kd6 37. Bf3 Kc5 38. Bg4 Kb4 39. Be6 Ka3 40. Bf7 Bf4 41. Bxg6 Bxg5 42. Rxd4 e2+ 43. Kf2 Bf6 44. Re4 Bd8 45. Rxe2 Nxe2 46. Kxe2 Kxb3 47. Bf7+ Kb2 48. Kd1 a5 49. Bg8 a4 50. Bf7 a3 51. Bg8 Bb6 52. Bf7 Bc5 53. Bg8 Bd4 54. Bf7 Bc3 55. Bg8 1/2-1/2


[Site "https://www.chess.com"]

[Event "Titled Tuesday Blitz May 16 Late 2023"]
[White "Gerbelli Neto, Eduardo"]
[Black "Milovic, Aleksandra"]
[WhiteFideId "2103281"]
[BlackFideId "933988"]
[WhiteElo "2178"]
[BlackElo "2000"]
[Result "1/2-1/2"]
[Round "03"]
[TimeControl "180+2"]
[Date "2023.05.16"]
[WhiteClock "0:01:32"]
[BlackClock "0:02:11"]

1. e4 e5 2. Nf3 Nf6 3. Nc3 Nc6 4. d4 exd4 5. Nxd4 Bb4 6. Nxc6 bxc6 7. Bd3 O-O 8. O-O Re8 9. Bg5 Be7 10. Qf3 d6 11. h3 Be6 12. Ne2 Nd7 13. Bf4 Bg5 14. Nd4 Bxf4 15. Qxf4 Ne5 16. Nf5 Qf6 17. Rfe1 Bxf5 18. exf5 Nxd3 19. cxd3 Qxb2 20. Qg3 Qd4 1/2-1/2


[Site "https://www.chess.com"]

[Event "Titled Tuesday Blitz May 16 Late 2023"]
[White "Hoffmann, Asa"]
[Black "Castillo Pena, Patricia Evarista"]
[WhiteFideId "2001470"]
[BlackFideId "6412106"]
[WhiteElo "2117"]
[BlackElo "1919"]
[Result "1-0"]
[Round "03"]
[TimeControl "180+2"]
[Date "2023.05.16"]
[WhiteClock "0:02:32"]
[BlackClock "0:02:19"]

1. d4 d5 2. Bg5 Nf6 3. Nd2 e6 4. e3 c5 5. c3 Nc6 6. f4 Be7 7. Bd3 h6 8. Bh4 O-O 9. Ngf3 b6 10. O-O Bb7 11. Ne5 Rc8 12. f5 Nxe5 13. dxe5 Ne4 14. Bxe7 Qxe7 15. Bxe4 dxe4 16. f6 gxf6 17. Qg4+ Kh7 18. exf6 1-0


[Site "https://www.chess.com"]

[Event "Titled Tuesday Blitz May 16 Late 2023"]
[White "Vargas, Mauricio"]
[Black "Fernandez Siles, Luis"]
[WhiteFideId "4404572"]
[BlackFideId "2209420"]
[WhiteElo "1986"]
[BlackElo "2195"]
[Result "0-1"]
[Round "03"]
[TimeControl "180+2"]
[Date "2023.05.16"]
[WhiteClock "0:00:00"]
[BlackClock "0:00:52"]

1. e4 c5 2. g3 d5 3. Bg2 dxe4 4. Bxe4 Nf6 5. Bg2 Nc6 6. d3 g6 7. Be3 Bg7 8. Nc3 Nd4 9. Nf3 O-O 10. O-O Bg4 11. h3 Nxf3+ 12. Bxf3 Bxh3 13. g4 Qd7 14. Bxc5 Bxf1 15. Qxf1 Nxg4 16. Qg2 Ne5 17. Bxb7 Rab8 18. Bd5 Rfc8 19. d4 Rxb2 20. Bb3 Nc6 21. Na4 Rxb3 22. axb3 Nxd4 23. Rd1 Ne2+ 0-1


[Site "https://www.chess.com"]

[Event "Titled Tuesday Blitz May 16 Late 2023"]
[White "Ansh M Shah"]
[Black "Sanchez, Robert"]
[WhiteFideId "25033379"]
[BlackFideId "2034360"]
[WhiteElo "2084"]
[BlackElo "1863"]
[Result "1-0"]
[Round "03"]
[TimeControl "180+2"]
[Date "2023.05.16"]
[WhiteClock "0:01:53"]
[BlackClock "0:01:08"]

1. d4 Nf6 2. c4 g6 3. h4 Bg7 4. Nc3 h5 5. e4 d6 6. Be2 Nc6 7. Nf3 e5 8. d5 Ne7 9. Ng5 O-O 10. f3 a6 11. a4 c6 12. Be3 Bd7 13. Qd2 b5 14. dxc6 Bxc6 15. axb5 axb5 16. Rxa8 Qxa8 17. cxb5 Bd7 18. Qxd6 Nc8 19. Qa3 Qb8 20. O-O Nb6 21. Rd1 Rc8 22. Qd6 Qxd6 23. Rxd6 Nc4 1-0


[Site "https://www.chess.com"]

[Event "Titled Tuesday Blitz May 16 Late 2023"]
[White "Caruana, Fabiano"]
[Black "Rodshtein, Maxim"]
[WhiteFideId "2020009"]
[BlackFideId "2806851"]
[WhiteElo "2837"]
[BlackElo "2555"]
[Result "1-0"]
[Round "04"]
[TimeControl "180+2"]
[Date "2023.05.16"]
[WhiteClock "0:01:23"]
[BlackClock "0:00:00"]

1. e4 e6 2. d4 d5 3. exd5 exd5 4. Bd3 c6 5. Nf3 Bd6 6. O-O Ne7 7. c4 O-O 8. Nc3 dxc4 9. Bxc4 Nd7 10. h3 Nb6 11. Bb3 h6 12. Re1 Bf5 13. Ne5 Nbd5 14. Qh5 Bxe5 15. dxe5 Nxc3 16. bxc3 Bg6 17. Qg4 Nd5 18. Ba3 Re8 19. c4 Nc7 20. Bd6 Ne6 21. c5 Qa5 22. Rad1 Kh8 23. f4 Nxc5 24. f5 1-0


[Site "https://www.chess.com"]

[Event "Titled Tuesday Blitz May 16 Late 2023"]
[White "Deac, Bogdan-Daniel"]
[Black "Krzyzanowski, Marcin"]
[WhiteFideId "1226380"]
[BlackFideId "1132199"]
[WhiteElo "2649"]
[BlackElo "2471"]
[Result "1-0"]
[Round "04"]
[TimeControl "180+2"]
[Date "2023.05.16"]
[WhiteClock "0:00:06"]
[BlackClock "0:00:02"]

1. d4 Nf6 2. c4 d6 3. Nf3 g6 4. e3 Bg7 5. Be2 O-O 6. O-O Nc6 7. d5 Nb8 8. Nc3 c6 9. e4 cxd5 10. exd5 Bg4 11. h3 Bxf3 12. Bxf3 Nbd7 13. Rb1 Rc8 14. b3 a6 15. Bd2 Nc5 16. Re1 Nfd7 17. Be2 Ne5 18. Qc2 f5 19. f4 Nf7 20. Bf1 b5 21. Be3 Nd7 22. Qd2 bxc4 23. bxc4 Qa5 24. Bd4 Rfe8 25. Bxg7 Kxg7 26. Rb7 Rc7 27. Rxc7 Qxc7 28. Ne2 e5 29. dxe6 Rxe6 30. Nd4 Rxe1 31. Qxe1 Nc5 32. g4 fxg4 33. hxg4 Qb6 34. Qe3 Qb2 35. a3 Qb1 36. g5 Qe4 37. Qxe4 Nxe4 38. Ne6+ Kg8 39. c5 Nxc5 40. Nxc5 dxc5 41. Bxa6 Nd6 42. a4 c4 43. a5 Kf7 44. Kf2 Ke6 45. Bb7 c3 46. Ke1 Kf5 47. a6 Nb5 48. Ke2 Kxf4 49. Kd3 Kxg5 50. Bc6 Na7 51. Bd7 h5 52. Kxc3 Kf4 53. Kc4 g5 54. Kc5 g4 55. Kb6 g3 56. Bh3 Kf3 57. Kxa7 g2 58. Bxg2+ Kxg2 59. Kb6 h4 60. a7 h3 61. a8=Q+ Kg1 62. Qa1+ Kg2 63. Qb2+ Kg1 64. Qc1+ Kg2 65. Qd2+ Kg3 66. Qe1+ Kg2 67. Qe2+ Kg1 68. Qg4+ Kh2 69. Kc5 Kh1 70. Qxh3+ Kg1 71. Qe6 1-0


[Site "https://www.chess.com"]

[Event "Titled Tuesday Blitz May 16 Late 2023"]
[White "Andreikin, Dmitry"]
[Black "Quispe Arteaga, Gabriel"]
[WhiteFideId "4158814"]
[BlackFideId "32059809"]
[WhiteElo "2736"]
[BlackElo "2274"]
[Result "1-0"]
[Round "04"]
[TimeControl "180+2"]
[Date "2023.05.16"]
[WhiteClock "0:01:08"]
[BlackClock "0:00:00"]

1. Nf3 Nf6 2. c4 e6 3. g3 d5 4. d4 Bb4+ 5. Nbd2 O-O 6. Bg2 Nbd7 7. O-O c5 8. cxd5 exd5 9. dxc5 Bxc5 10. Nb3 Bb6 11. Bf4 Nc5 12. Rc1 Nxb3 13. Qxb3 Be6 14. Be5 Ne4 15. Qd3 Qd7 16. Bd4 Bf5 17. Bxb6 axb6 18. Qb3 Qa4 19. Qxa4 Rxa4 20. a3 Nc5 21. Rfd1 Be4 22. Nd4 Bxg2 23. Kxg2 Re8 24. e3 g6 25. Nb5 Rc4 26. Nc7 Rxc1 27. Rxc1 Rd8 28. Rd1 Na4 29. Nxd5 Kg7 30. Nc3 Rxd1 31. Nxd1 Kf6 32. Kf3 Ke5 33. Ke2 Kd5 34. b3 Nc5 35. Nc3+ Kc6 36. b4 Nd7 37. f4 b5 38. g4 Nb6 39. Kd3 Nc4 40. Nb1 f5 41. gxf5 gxf5 42. Kd4 Kd6 43. a4 Nb6 44. axb5 Nd5 45. Nd2 Nxb4 46. Nc4+ Ke6 47. Kc5 Nc2 48. b6 h6 49. h3 h5 50. h4 Ne1 51. Na5 Ng2 52. Nxb7 Nxe3 53. Kc6 1-0


[Site "https://www.chess.com"]

[Event "Titled Tuesday Blitz May 16 Late 2023"]
[White "Bordi, Kevin"]
[Black "Bluebaum, Matthias"]
[WhiteFideId "621862"]
[BlackFideId "24651516"]
[WhiteElo "2810"]
[BlackElo "2639"]
[Result "1/2-1/2"]
[Round "04"]
[TimeControl "180+2"]
[Date "2023.05.16"]
[WhiteClock "0:00:29"]
[BlackClock "0:00:36"]

1. e4 e6 2. d4 d5 3. Nd2 c5 4. exd5 Qxd5 5. Ngf3 cxd4 6. Bc4 Qd6 7. O-O Nf6 8. Nb3 Nc6 9. Nbxd4 Nxd4 10. Qxd4 Qxd4 11. Nxd4 Bd7 12. Rd1 Rc8 13. Be2 Bc5 14. c3 O-O 15. Bf3 e5 16. Nb3 e4 17. Nxc5 Rxc5 18. Be2 b6 19. Be3 Rc7 20. a4 Bg4 21. Bxg4 Nxg4 22. Bd4 f5 23. a5 b5 24. a6 Rd8 25. h3 Nf6 26. Bxf6 Rxd1+ 27. Rxd1 gxf6 28. Rd5 Rc6 29. Rxf5 b4 30. cxb4 Rxa6 31. Rf4 Ra1+ 32. Kh2 Rb1 33. Rxf6 Rxb2 34. Rf4 Rxb4 35. Rf5 e3 36. fxe3 Re4 37. Ra5 Rxe3 38. Rxa7 Rc3 39. h4 Rb3 40. g3 Rb5 41. Kh3 h5 42. Kg2 Rf5 43. Re7 Kf8 44. Ra7 Kg8 45. Kh3 Kh8 46. Kg2 Kg8 1/2-1/2


[Site "https://www.chess.com"]

[Event "Titled Tuesday Blitz May 16 Late 2023"]
[White "Bortnyk, Olexandr"]
[Black "Makridis, Dimitrios"]
[WhiteFideId "14120828"]
[BlackFideId "25864475"]
[WhiteElo "2734"]
[BlackElo "2277"]
[Result "1-0"]
[Round "04"]
[TimeControl "180+2"]
[Date "2023.05.16"]
[WhiteClock "0:00:07"]
[BlackClock "0:00:06"]

1. d4 Nf6 2. Nc3 d5 3. Bf4 e6 4. Nb5 Na6 5. e3 c6 6. Nc3 Nb8 7. Nf3 Bd6 8. Ne5 Qc7 9. Qf3 Nbd7 10. Nd3 e5 11. dxe5 Nxe5 12. Nxe5 Bxe5 13. Bxe5 Qxe5 14. Qg3 Qxg3 15. hxg3 h5 16. f3 Be6 17. Kf2 Ke7 18. Rd1 g6 19. Bd3 Nd7 20. Ne2 Ne5 21. c3 a5 22. Bc2 a4 23. Nf4 Nc4 24. Rb1 Kf6 25. Rhd1 b5 26. Bd3 Rhe8 27. Bxc4 bxc4 28. a3 Bf5 29. Rbc1 Rab8 30. Rd2 Rb3 31. Re1 Reb8 32. Ree2 Bd3 33. Rxd3 cxd3 34. Nxd3 Ke7 35. e4 c5 36. exd5+ Kd6 37. Rd2 g5 38. Ke2 R3b7 39. c4 Re7+ 40. Kd1 Rbe8 41. Rf2 f5 42. f4 gxf4 43. gxf4 Re4 44. Ne5 Rg8 45. Nf7+ Ke7 46. Ne5 Rg3 47. Kd2 Rb3 48. Kc2 h4 49. Rd2 Rb6 50. Rf2 Rh6 51. Kc3 h3 52. gxh3 Rxh3+ 53. Kc2 Rh6 54. Kb1 Re1+ 55. Kc2 Rhh1 56. Nd3 Ref1 57. Re2+ Kf6 58. d6 Rh8 59. Nxc5 Rxf4 60. Re6+ Kf7 61. Re7+ Kg6 62. Kc3 Rh3+ 63. Kb4 Rhh4 64. d7 Rxc4+ 65. Kb5 Rcd4 66. Re8 Rh2 67. d8=Q Rxb2+ 68. Ka5 Rxd8 69. Rxd8 f4 70. Nd3 Ra2 71. Kxa4 Kf5 72. Rf8+ Ke4 73. Nxf4 Rf2 74. Ne6 Ra2 75. Nc7 Ke5 76. Nb5 Ra1 77. Rd8 Ke6 78. Kb4 Ke7 79. Rd3 Rb1+ 80. Rb3 Ra1 81. a4 Kd7 82. Rc3 Rb1+ 83. Kc5 Kc8 84. Kb6+ Kb8 85. a5 Rg1 86. a6 Rg6+ 87. Rc6 1-0


[Site "https://www.chess.com"]

[Event "Titled Tuesday Blitz May 16 Late 2023"]
[White "Remizov, Yaroslav"]
[Black "Makarian, Rudik"]
[WhiteFideId "34134015"]
[BlackFideId "44105681"]
[WhiteElo "2400"]
[BlackElo "2461"]
[Result "0-1"]
[Round "04"]
[TimeControl "180+2"]
[Date "2023.05.16"]
[WhiteClock "0:00:08"]
[BlackClock "0:00:13"]

1. e4 c5 2. Nf3 Nc6 3. d4 cxd4 4. Nxd4 e6 5. Nc3 a6 6. Be3 Nf6 7. Qf3 h5 8. O-O-O Ng4 9. Be2 Nxe3 10. Qxe3 Bc5 11. e5 Qb6 12. Na4 Bxd4 13. Nxb6 Bxe3+ 14. fxe3 Rb8 15. Bf3 Nxe5 16. Nxc8 Rxc8 17. Bxb7 Rc7 18. Bxa6 Ra7 19. Be2 Rxa2 20. Kb1 Ra7 21. b3 Ke7 22. Kb2 h4 23. Ra1 Rc7 24. Ra5 f6 25. Rha1 Rhc8 26. c4 d5 27. Ra7 dxc4 28. Bxc4 g5 29. R1a6 Nxc4+ 30. bxc4 Rxa7 31. Rxa7+ Kd6 32. Kc3 Ke5 33. Kd3 Rd8+ 34. Ke2 Rb8 35. Kf3 f5 36. Ra5+ Kf6 37. h3 Rb2 38. Ra8 Rc2 39. Rc8 Rc3 40. Rf8+ Ke5 41. Rg8 Kf6 42. Rf8+ Kg7 43. Rc8 f4 44. Kg4 Kf6 45. exf4 Rg3+ 46. Kh5 gxf4 47. Kxh4 Rxg2 48. c5 Ke5 49. c6 Rg7 50. c7 Ke4 51. Kh5 e5 52. Kh6 Rd7 53. h4 f3 54. Kg6 Ke3 55. h5 f2 56. Rf8 Rxc7 57. h6 e4 58. h7 Rxh7 59. Kxh7 Ke2 60. Kg6 f1=Q 61. Rxf1 Kxf1 0-1


[Site "https://www.chess.com"]

[Event "Titled Tuesday Blitz May 16 Late 2023"]
[White "Rustemov, Alexander"]
[Black "Hayrapetyan, Hovik"]
[WhiteFideId "4119002"]
[BlackFideId "13302639"]
[WhiteElo "2988"]
[BlackElo "2348"]
[Result "0-1"]
[Round "04"]
[TimeControl "180+2"]
[Date "2023.05.16"]
[WhiteClock "0:00:02"]
[BlackClock "0:00:23"]

1. d4 Nf6 2. Nf3 e6 3. c4 d5 4. Nc3 Bb4 5. Qa4+ Nc6 6. Bg5 h6 7. Bxf6 Qxf6 8. e3 Bd7 9. Qc2 O-O 10. Rc1 dxc4 11. Bxc4 e5 12. O-O exd4 13. Nd5 Qd6 14. Rfd1 Bg4 15. Nxb4 Qxb4 16. exd4 Bxf3 17. gxf3 Rad8 18. d5 Ne5 19. Be2 Rd7 20. a3 Qf4 21. Qe4 Qf6 22. f4 Ng6 23. f5 Re7 24. Qg4 h5 25. Qc4 Qg5+ 26. Kh1 Nf4 27. Bf1 Qxf5 28. Rd4 g5 29. Rc3 Rfe8 30. Rg3 Re4 31. Rxe4 Rxe4 32. Qxc7 Re1 33. Qc4 Qxd5+ 34. Qxd5 Rxf1+ 35. Rg1 Rxg1+ 36. Kxg1 Nxd5 37. Kg2 f5 38. Kf3 Kf7 39. Ke2 Ke6 40. Kd3 Ke5 41. Kc4 f4 42. b4 g4 43. a4 h4 44. Kd3 Nxb4+ 45. Ke2 Nd5 46. Kf1 a5 47. Ke2 Nc3+ 48. Kf1 Nxa4 49. Ke2 f3+ 50. Kf1 Nc5 51. Ke1 Nd3+ 52. Kf1 h3 53. Kg1 a4 54. Kf1 a3 55. Kg1 a2 56. Kf1 a1=Q# 0-1


[Site "https://www.chess.com"]

[Event "Titled Tuesday Blitz May 16 Late 2023"]
[White "Pichot, Alan"]
[Black "Schmakel, Sam"]
[WhiteFideId "110973"]
[BlackFideId "2039311"]
[WhiteElo "2573"]
[BlackElo "2356"]
[Result "1-0"]
[Round "04"]
[TimeControl "180+2"]
[Date "2023.05.16"]
[WhiteClock "0:00:27"]
[BlackClock "0:00:17"]

1. e4 g6 2. d4 Bg7 3. Nf3 d6 4. Bc4 Nf6 5. Qe2 O-O 6. O-O Nc6 7. c3 Nh5 8. e5 dxe5 9. Nxe5 Bd7 10. f4 Nf6 11. Be3 Nxe5 12. dxe5 Bg4 13. Qd2 Nh5 14. Qxd8 Raxd8 15. Nd2 g5 16. fxg5 Bxe5 17. Nf3 Bd6 18. h3 Bc8 19. Nd4 Ng3 20. Rf3 a6 21. Re1 c5 22. Ne2 Nf5 23. Bf4 b5 24. Bd3 c4 25. Bxf5 Bc5+ 26. Be3 Bxe3+ 27. Rxe3 Bxf5 28. Rxe7 Rd2 29. Nd4 Bd3 30. Ra7 Rxb2 31. Rxa6 Rd8 32. Nc6 Rd6 33. Ne7+ Kg7 34. Rxd6 1-0


[Site "https://www.chess.com"]

[Event "Titled Tuesday Blitz May 16 Late 2023"]
[White "Babazada, Khazar"]
[Black "Ravuri, Vinesh"]
[WhiteFideId "13413554"]
[BlackFideId "45042632"]
[WhiteElo "2351"]
[BlackElo "2066"]
[Result "1-0"]
[Round "04"]
[TimeControl "180+2"]
[Date "2023.05.16"]
[WhiteClock "0:00:15"]
[BlackClock "0:00:10"]

1. e4 e5 2. Nf3 Nc6 3. Bc4 Bc5 4. c3 Nf6 5. d3 h6 6. O-O d6 7. Nbd2 a6 8. Re1 O-O 9. Nf1 Be6 10. Bb3 Re8 11. Bc2 d5 12. Qe2 Bf8 13. Ng3 g6 14. h3 Bg7 15. Be3 Qd6 16. Rad1 Rad8 17. Qd2 Kh7 18. Qc1 Nd7 19. d4 exd4 20. cxd4 dxe4 21. Nxe4 Qd5 22. Nc3 Qa5 23. d5 Bxc3 24. dxe6 Bxe1 25. exd7 Re7 26. Rxe1 Rdxd7 27. Bd2 Rxe1+ 28. Qxe1 Qxa2 29. Bc3 Qe6 30. Qc1 b5 31. b3 b4 32. Bb2 a5 33. Qf4 Ne7 34. Qh4 Nf5 35. Qf4 c5 36. Ne5 Rd5 37. Ng4 Rd6 38. Bxf5 gxf5 39. Nf6+ Kg7 40. Qg3+ 1-0


[Site "https://www.chess.com"]

[Event "Titled Tuesday Blitz May 16 Late 2023"]
[White "Bryakin, Mikhail"]
[Black "Durarbayli, Vasif"]
[WhiteFideId "4165314"]
[BlackFideId "13402935"]
[WhiteElo "2467"]
[BlackElo "2551"]
[Result "0-1"]
[Round "04"]
[TimeControl "180+2"]
[Date "2023.05.16"]
[WhiteClock "0:00:00"]
[BlackClock "0:00:09"]

1. c4 c5 2. Nf3 Nf6 3. Nc3 e6 4. d4 cxd4 5. Nxd4 Bb4 6. Qb3 Bc5 7. e3 Nc6 8. Nf3 O-O 9. Be2 d5 10. cxd5 exd5 11. Nb5 Bb4+ 12. Bd2 Bxd2+ 13. Nxd2 d4 14. exd4 Nxd4 15. Nxd4 Qxd4 16. Nf3 Qe4 17. Qc4 Qxc4 18. Bxc4 Re8+ 19. Kf1 Bg4 20. h3 Bxf3 21. gxf3 Rac8 22. b3 Rc5 23. Re1 b5 24. Rxe8+ Nxe8 25. Bd3 Rc1+ 26. Kg2 Rxh1 27. Kxh1 b4 28. f4 Nf6 29. Kg2 Nd5 30. Kf3 Nc3 31. Ke3 Nxa2 32. Kd4 Kf8 33. Kc5 Ke7 34. Bc4 Kf6 35. Bd3 h6 36. Kc4 Ke6 37. Bc2 Kd6 38. Bd3 Kc6 39. Be4+ Kd6 40. Bc2 a5 41. Kb5 Nc3+ 42. Kxa5 Kc5 43. f5 Ne2 44. f6 gxf6 45. Bd1 Nd4 46. Ka4 f5 47. Bh5 f6 48. Bg6 f4 49. Be4 Nb5 50. Bf3 Nd4 51. Be4 Nb5 52. Bf3 Nc3+ 53. Ka5 Nb1 54. Ka4 Nd2 55. Be2 f3 56. Bd3 Kd4 57. Bf5 Kc3 58. Bg4 Nxb3 59. Bxf3 Nc5+ 60. Kb5 Nd3 61. Bd1 Nxf2 62. Be2 Nxh3 0-1


[Site "https://www.chess.com"]

[Event "Titled Tuesday Blitz May 16 Late 2023"]
[White "Jaracz, Pawel"]
[Black "Bortnyk, Mykola"]
[WhiteFideId "1102222"]
[BlackFideId "14120836"]
[WhiteElo "2438"]
[BlackElo "2582"]
[Result "1-0"]
[Round "04"]
[TimeControl "180+2"]
[Date "2023.05.16"]
[WhiteClock "0:00:11"]
[BlackClock "0:00:00"]

1. e4 Nf6 2. e5 Nd5 3. d4 d6 4. c4 Nb6 5. exd6 exd6 6. Nc3 Be7 7. Bd3 O-O 8. Nge2 Bg4 9. b3 Bf6 10. Be3 Re8 11. Qd2 c5 12. O-O Nc6 13. Be4 Bxe2 14. Bxc6 Bxf1 15. Bxe8 Bxc4 16. Bb5 Bxb5 17. Nxb5 c4 18. Rc1 d5 19. Bf4 Qd7 20. Qa5 Bd8 21. h3 a6 22. Nc3 Rc8 23. b4 Rc6 24. b5 Rg6 25. Kh1 Qf5 26. Bg3 h5 27. bxa6 bxa6 28. h4 Qg4 29. Nxd5 Bxh4 30. Ne3 Qe4 31. Qf5 Qe7 32. Be5 Bg5 33. f4 Bh6 34. Qxh5 Qa3 35. Re1 c3 36. f5 Rg5 37. Qf3 Qxa2 38. Bf4 c2 39. Bxg5 Bxg5 40. Nxc2 Qxc2 41. Re8+ Kh7 42. Qh5+ Bh6 43. Qxf7 Qc1+ 44. Kh2 Qf4+ 45. Kh3 Qe3+ 46. Rxe3 Bxe3 47. Qg6+ 1-0


[Site "https://www.chess.com"]

[Event "Titled Tuesday Blitz May 16 Late 2023"]
[White "Smirnov, Pavel"]
[Black "Svane, Frederik"]
[WhiteFideId "4123425"]
[BlackFideId "12923044"]
[WhiteElo "2520"]
[BlackElo "2502"]
[Result "0-1"]
[Round "04"]
[TimeControl "180+2"]
[Date "2023.05.16"]
[WhiteClock "0:00:03"]
[BlackClock "0:00:02"]

1. d4 Nf6 2. c4 e6 3. g3 d5 4. Nf3 Nbd7 5. Bg2 dxc4 6. O-O c6 7. a4 a5 8. Qc2 b5 9. axb5 cxb5 10. Ne5 Nd5 11. Nc3 Nxe5 12. dxe5 Bb4 13. Nxd5 exd5 14. Rd1 Ra7 15. Bxd5 Qe7 16. Be3 Rd7 17. Bc6 O-O 18. Bxd7 Bxd7 19. Qe4 Bh3 20. Qd5 Rb8 21. f4 h5 22. Kf2 a4 23. Qe4 Qe6 24. Rd5 c3 25. bxc3 Bxc3 26. Rad1 Ba5 27. Rd6 Qe8 28. f5 Bc7 29. R6d5 b4 30. Rc1 Bd8 31. Ba7 Ra8 32. Bc5 b3 33. Ba3 Be7 34. Bxe7 Qxe7 35. Rd6 Re8 36. Qxa4 Qxe5 37. Rd2 Qe3+ 38. Ke1 Qg1# 0-1


[Site "https://www.chess.com"]

[Event "Titled Tuesday Blitz May 16 Late 2023"]
[White "Klukin, Kirill"]
[Black "Ibarra Jerez, Jose Carlos"]
[WhiteFideId "24199273"]
[BlackFideId "2226332"]
[WhiteElo "2344"]
[BlackElo "2638"]
[Result "1-0"]
[Round "04"]
[TimeControl "180+2"]
[Date "2023.05.16"]
[WhiteClock "0:01:00"]
[BlackClock "0:00:39"]

1. d4 Nf6 2. c4 d6 3. Nc3 e5 4. Nf3 e4 5. Nd2 Qe7 6. Qc2 e3 7. fxe3 c5 8. Nf3 Nc6 9. g3 g6 10. Bg2 Bh6 11. e4 Bxc1 12. Rxc1 cxd4 13. Nd5 Nxd5 14. cxd5 Nd8 15. Nxd4 O-O 16. O-O Bd7 17. Qd2 f6 18. Rc7 Nf7 19. Bh3 Ne5 20. Be6+ Kh8 21. Bxd7 Nxd7 22. Ne6 Rfc8 23. Rfc1 Qe8 24. Qh6 Qg8 25. Rxc8 Rxc8 26. Rxc8 1-0


[Site "https://www.chess.com"]

[Event "Titled Tuesday Blitz May 16 Late 2023"]
[White "Mekhitarian, Krikor Sevag"]
[Black "MKlose11"]
[WhiteFideId "2107660"]
[WhiteElo "2604"]
[BlackElo "2671"]
[Result "1/2-1/2"]
[Round "04"]
[TimeControl "180+2"]
[Date "2023.05.16"]
[WhiteClock "0:00:02"]
[BlackClock "0:00:05"]

1. Nf3 Nf6 2. c4 c5 3. Nc3 Nc6 4. d4 cxd4 5. Nxd4 d6 6. e4 g6 7. Be2 Bd7 8. Be3 Bg7 9. O-O O-O 10. Nc2 a5 11. f4 Nb4 12. Nd4 Nc6 13. Ndb5 Nb4 14. Qd2 Bc6 15. Bf3 Na6 16. Rad1 Qc8 17. h3 Nd7 18. Qf2 Nac5 19. Rfe1 a4 20. Nd5 Bxd5 21. exd5 Re8 22. Re2 Qd8 23. Bd4 Bxd4 24. Qxd4 Qb6 25. Rde1 Nd3 26. Qxb6 Nxb6 27. Nc7 Nxe1 28. Rxe1 Nxc4 29. Nxa8 Rxa8 30. Rxe7 Nxb2 31. Rxb7 Nd3 32. Rb6 Rd8 33. g3 Kf8 34. Kf1 Ke7 35. Ke2 Nc5 36. Ke3 Ra8 37. Kd4 a3 38. Bd1 h5 39. Rb1 Ra6 40. Bc2 Kf6 41. Kc4 Ra7 42. g4 hxg4 43. hxg4 Re7 44. Rb6 Rd7 45. g5+ Ke7 46. Kb4 Ra7 47. Rb5 Kd7 48. Rb6 Kc7 49. Rc6+ Kd7 50. Kc3 Ke7 51. Rb6 Rc7 52. Kd2 Ra7 53. Rb4 Kd7 54. Rb1 Ke7 55. Rh1 Kd7 56. Rh7 Ke7 57. Bxg6 Kf8 58. Bc2 Rb7 59. Rh8+ Kg7 60. Ra8 Rb4 61. f5 Ne4+ 62. Ke3 Nxg5 63. Rxa3 Kf6 64. Ra7 Rh4 65. Bb3 Rh3+ 66. Kd2 Ne4+ 67. Kc2 Ke5 68. Re7+ Kd4 69. Rxf7 Rh2+ 70. Kd1 Nc3+ 71. Ke1 Kd3 72. Kf1 Ke3 73. Kg1 Rb2 74. Re7+ Kf3 75. Kh1 Ne4 76. Rxe4 Kxe4 77. Kg1 Kxf5 78. Kf1 Ke4 79. Ke1 Kd3 80. Kf1 Kc3 81. Ke1 Rd2 82. Kf1 Rb2 83. Ke1 Kd3 84. Kf1 Ke3 85. Bc4 Kd2 86. Bb3 Kc3 1/2-1/2


[Site "https://www.chess.com"]

[Event "Titled Tuesday Blitz May 16 Late 2023"]
[White "Donchenko, Alexander"]
[Black "Volkov, Maksim"]
[WhiteFideId "24603295"]
[BlackFideId "54123070"]
[WhiteElo "2554"]
[BlackElo "2297"]
[Result "0-1"]
[Round "04"]
[TimeControl "180+2"]
[Date "2023.05.16"]
[WhiteClock "0:00:10"]
[BlackClock "0:00:24"]

1. e4 e6 2. d4 d5 3. Nc3 Bb4 4. e5 c5 5. a3 Bxc3+ 6. bxc3 Qa5 7. Bd2 Qa4 8. Qg4 Kf8 9. Qd1 Nc6 10. Nf3 Nge7 11. dxc5 Qe4+ 12. Be2 Nxe5 13. O-O Nxf3+ 14. Bxf3 Qa4 15. Bf4 Qxf4 16. Rb1 f6 17. Re1 Kf7 18. g3 Qc7 19. Qd4 Rd8 20. c4 e5 21. Qh4 e4 22. Bh5+ Kg8 23. cxd5 Rxd5 24. Be2 Rxc5 25. Qxe4 Bf5 26. Qf3 Nc6 27. Qe3 Re5 28. Qf4 Rae8 29. Kg2 Kh8 30. Bf3 g5 31. Rxe5 Rxe5 32. Qc4 Kg7 33. h4 Be6 34. Qa4 gxh4 35. Qxh4 Bf5 36. Rh1 Qd6 37. Qh6+ Kg8 38. Rh5 Bg6 39. Rh4 Nd4 40. Bxb7 Nf5 41. Qf4 Nxh4+ 42. Qxh4 Qe7 43. Ba6 Rc5 44. Bb7 Qxb7+ 0-1


[Site "https://www.chess.com"]